Map: 월드 오브 슬리퍼스 - 래더

Players

IntoTheZoun (Zoun)

  • Race: Protoss Protoss
  • League: Master
  • Spawn Location: 7:00

Armani - Winner!

  • Race: Zerg Zerg
  • League: Grandmaster
  • Spawn Location: 1:00

VOD

Have the link to the VOD?

Description

Time

  • Played on: Jan. 15, 2020, 5:23 a.m.
  • Length: 11:28
Show
View Real Time Build Order
Export as new Build Order

IntoTheZoun Protoss 

Build Orders: 1 Gate Expand, Oracle Opening, Archon Immortal 

Get SALT Encoding   

  12  0:00  Probe  
  13  0:12  Probe  
  14  0:21  Pylon  
  14  0:25  Probe  
  15  0:39  Probe (Chrono Boost)  
  16  0:43  Gateway  
  16  0:48  Probe (Chrono Boost), Assimilator  
  17  0:53  Probe (Chrono Boost)  
  18  1:05  Probe  
  19  1:17  Probe  
  20  1:24  Nexus  
  20  1:32  Cybernetics Core  
  20  1:35  Probe  
  21  1:40  Assimilator  
  21  1:47  Probe  
  21  1:50  Pylon  
  22  1:59  Probe  
  23  2:05  Adept (Chrono Boost)  
  23  2:12  Probe (Chrono Boost)  
  26  2:20  Stargate  
  27  2:22  Probe (Chrono Boost)  
  27  2:28  Probe (Chrono Boost), Warp Gate  
  28  2:36  Probe (Chrono Boost)  
  29  2:37  Stalker  
  32  2:44  Probe (Chrono Boost)  
  32  2:45  Probe (Chrono Boost)  
  33  2:57  Probe  
  33  2:58  Probe  
  35  3:02  Oracle (Chrono Boost)  
  38  3:09  Probe  
  38  3:11  Probe  
  40  3:17  Adept  
  40  3:18  Gateway  
  42  3:21  Probe  
  42  3:23  Pylon  
  42  3:26  Probe  
  44  3:33  Probe, Pylon  
  45  3:38  Oracle (Chrono Boost)  
  45  3:39  Probe  
  49  3:45  Probe  
  50  3:49  Gateway  
  50  3:51  Probe, Gateway  
  51  3:57  Probe  
  52  4:05  Probe  
  52  4:09  Probe  
  54  4:15  Nexus  
  54  4:16  Pylon  
  54  4:17  Adept, Sentry  
  58  4:25  Pylon  
  58  4:27  Probe x2  
  58  4:30  Assimilator x2  
  60  4:34  Forge  
  60  4:35  Twilight Council  
  60  4:39  Probe x2  
  62  4:52  Probe x2  
  64  4:55  Shield Battery  
  64  4:57  Adept x3  
  64  4:58  Adept  
  72  5:04  Probe  
  72  5:05  Probe, Pylon  
  74  5:13  Protoss Ground Weapons Level 1  
  74  5:14  Charge  
  74  5:18  Probe x2, Pylon  
  76  5:30  Probe (Chrono Boost), Robotics Facility  
  76  5:31  Probe (Chrono Boost)  
  76  5:32  Robotics Facility  
  76  5:35  Probe (Chrono Boost)  
  79  5:42  Probe (Chrono Boost)  
  80  5:43  Probe (Chrono Boost)  
  80  5:45  Templar Archives  
  80  5:47  Probe (Chrono Boost)  
  82  5:51  Probe (Chrono Boost), Assimilator x2  
  82  5:52  Probe x2 (Chrono Boost)  
  82  5:54  Pylon  
  85  6:00  Sentry  
  85  6:01  Sentry  
  89  6:05  Gateway  
  89  6:07  Probe x3  
  92  6:13  Psionic Storm  
  92  6:15  Gateway  
  92  6:16  Gateway  
  92  6:18  Gateway  
  92  6:19  Photon Cannon  
  92  6:20  Probe x2  
  94  6:36  Probe, Pylon  
  94  6:39  Shield Battery  
  95  6:40  High Templar x2  
  99  6:48  Immortal x2  
  99  6:51  Shield Battery  
  107  6:58  Pylon  
  107  7:01  Pylon  
  107  7:04  Pylon  
  107  7:08  High Templar x2  
  111  7:13  Photon Cannon  
  111  7:17  Pylon  
  111  7:19  Gateway  
  111  7:21  Gateway  
  111  7:29  Immortal (Chrono Boost)  
  111  7:33  Observer (Chrono Boost)  
  116  7:40  Photon Cannon, Blink  
  116  7:42  Stalker x4  
  124  7:45  Pylon  
  124  7:47  Protoss Ground Weapons Level 2 (Chrono Boost)  
  124  7:48  Pylon, Photon Cannon  
  124  7:51  Photon Cannon  
  124  7:56  Probe  
  124  7:57  Probe  
  126  8:06  Nexus  
  126  8:10  High Templar x2  
  126  8:11  Pylon  
  130  8:18  Immortal x2 (Chrono Boost)  
  138  8:29  Assimilator  
  138  8:33  Archon  
  138  8:37  Pylon  
  138  8:39  Observer, Shield Battery  
  138  8:40  Photon Cannon  
  138  8:42  High Templar x2, Shield Battery  
  138  8:45  Shield Battery  
  138  8:46  Observer  
  138  8:47  Archon, Shield Battery  
  142  8:57  Probe  
  142  8:58  Probe x2, Fleet Beacon  
  145  9:14  Stalker x5  
  155  9:23  Zealot x5  
  130  9:39  Zealot x2  
  130  9:40  Zealot  
  130  9:45  Stalker x6  
  108  9:47  High Templar  
  108  9:48  High Templar  
  101  9:52  Archon  
  101  9:54  Zealot x2  
  101  9:59  Immortal (Chrono Boost)  
  87  10:10  High Templar x2  
  87  10:13  Zealot x4  
  97  10:15  Archon  
  97  10:17  Zealot  
  95  10:24  Observer  
  93  10:29  Immortal  
  97  10:42  High Templar x2  
  101  10:43  Nexus  
  101  10:46  Sentry  
  103  10:52  Pylon  
  103  10:54  Pylon  
  103  10:55  High Templar  
  104  11:08  Adept  
  104  11:09  Sentry x2  
  107  11:11  Zealot x4  
  107  11:17  Zealot x2  
Show
View Real Time Build Order
Export as new Build Order

Armani Zerg - Winner!

Build Orders: Hatch First 

Get SALT Encoding   

  12  0:00  Drone  
  13  0:12  Overlord  
  13  0:17  Drone  
  14  0:30  Drone  
  14  0:31  Drone  
  16  0:49  Hatchery  
  15  0:52  Drone  
  15  0:55  Drone  
  17  0:58  Drone  
  18  1:09  Extractor  
  17  1:14  Spawning Pool  
  17  1:16  Drone  
  17  1:20  Drone  
  18  1:29  Drone  
  19  1:40  Drone  
  20  1:49  Overlord  
  20  2:01  Queen x2  
  20  2:03  Zergling x4  
  26  2:09  Metabolic Boost  
  26  2:11  Drone x2  
  28  2:23  Drone x2  
  30  2:34  Hatchery  
  30  2:36  Drone  
  30  2:41  Drone  
  31  2:47  Queen  
  33  2:52  Drone  
  33  2:55  Overlord  
  33  2:56  Drone  
  33  2:58  Drone  
  35  3:14  Drone x5  
  35  3:17  Overlord  
  40  3:23  Queen  
  40  3:24  Drone  
  43  3:36  Drone x2  
  43  3:37  Drone  
  46  3:41  Drone  
  46  3:42  Spore Crawler  
  46  3:45  Drone x3  
  46  3:46  Drone  
  50  3:49  Queen  
  50  3:50  Evolution Chamber  
  50  3:53  Drone  
  50  3:55  Spore Crawler  
  51  3:56  Overlord  
  51  3:57  Drone  
  51  4:00  Spore Crawler, Extractor, Drone  
  52  4:03  Drone x2  
  52  4:05  Drone  
  52  4:07  Overlord  
  52  4:09  Drone  
  56  4:14  Spore Crawler, Drone  
  56  4:17  Zerg Melee Weapons Level 1  
  56  4:20  Overlord  
  56  4:21  Drone  
  56  4:23  Drone  
  56  4:24  Drone  
  59  4:30  Drone x2  
  61  4:34  Roach Warren  
  60  4:38  Spore Crawler  
  60  4:40  Drone  
  60  4:41  Zergling x10  
  60  4:42  Drone  
  66  4:49  Drone  
  66  4:52  Drone, Overlord  
  68  4:53  Extractor x2  
  68  4:55  Lair  
  68  4:59  Drone x3  
  69  5:01  Zergling x2  
  69  5:02  Zergling x6  
  73  5:07  Zergling x8  
  73  5:11  Overlord  
  73  5:13  Drone  
  78  5:17  Overlord  
  78  5:20  Drone  
  79  5:22  Drone  
  79  5:25  Overlord  
  79  5:27  Overlord  
  79  5:28  Drone  
  81  5:29  Drone  
  81  5:30  Drone  
  81  5:31  Overlord  
  81  5:32  Drone  
  81  5:34  Drone  
  85  5:37  Overlord  
  85  5:38  Overlord  
  85  5:41  Drone x2  
  87  5:43  Drone, Overlord  
  87  5:44  Extractor x2  
  87  5:49  Extractor  
  85  5:51  Drone  
  85  5:53  Glial Reconstitution  
  85  5:54  Overseer  
  86  6:03  Hatchery  
  85  6:06  Drone x3  
  85  6:07  Drone  
  85  6:08  Drone  
  90  6:12  Roach x7  
  90  6:17  Zerg Melee Weapons Level 2  
  104  6:20  Drone  
  104  6:21  Drone  
  104  6:22  Baneling Nest  
  104  6:24  Drone  
  105  6:27  Drone x2  
  106  6:35  Roach x2  
  106  6:36  Roach x2  
  106  6:37  Overseer  
  114  6:40  Drone  
  114  6:41  Overlord  
  114  6:42  Drone  
  116  6:48  Drone x2  
  116  6:49  Drone  
  116  6:50  Drone x2  
  116  6:52  Drone x2  
  116  6:53  Drone  
  124  6:55  Drone  
  124  6:56  Drone  
  126  7:01  Overlord  
  126  7:03  Drone  
  126  7:04  Pneumatized Carapace  
  126  7:06  Centrifical Hooks  
  127  7:09  Drone  
  127  7:12  Extractor  
  127  7:14  Ravager x4  
  127  7:15  Roach x2  
  135  7:17  Roach x2  
  135  7:20  Hatchery, Roach x3  
  144  7:25  Drone x2  
  144  7:28  Drone  
  144  7:32  Spore Crawler, Drone x2  
  144  7:35  Zergling x10  
  151  7:44  Drone  
  151  7:46  Drone  
  151  7:48  Infestation Pit, Overlord  
  151  7:50  Overlord  
  151  7:53  Ravager x3  
  151  7:54  Roach x3  
  151  7:55  Overlord x2  
  151  7:56  Overlord  
  160  8:01  Overlord  
  159  8:05  Queen  
  161  8:13  Zergling x12  
  161  8:14  Zergling x12  
  161  8:16  Baneling x20  
  172  8:20  Zergling x10  
  172  8:26  Baneling x4  
  177  8:28  Hive  
  177  8:31  Spire  
  177  8:32  Drone  
  177  8:33  Drone  
  178  8:36  Baneling x5  
  178  8:41  Zergling x14  
  185  8:46  Baneling x4  
  185  8:53  Roach  
  185  8:54  Roach x2  
  185  8:55  Drone x3  
  190  8:57  Overlord  
  190  8:59  Zergling x16  
  199  9:08  Zergling x2  
  199  9:09  Overlord  
  199  9:10  Overlord  
  199  9:11  Baneling x11  
  192  9:19  Zergling x2  
  192  9:20  Zergling x14  
  173  9:40  Zergling x28  
  173  9:41  Zergling x14  
  180  9:45  Greater Spire  
  180  9:46  Adrenal Glands  
  163  9:53  Zergling x16  
  163  9:59  Drone  
  167  10:00  Drone  
  167  10:02  Spine Crawler  
  164  10:07  Zergling x8  
  157  10:19  Zergling x6  
  157  10:20  Zergling x14  
  157  10:21  Overlord  
  162  10:26  Spine Crawler  
  162  10:27  Spine Crawler  
  159  10:32  Roach x3, Ravager x3  
  159  10:33  Roach x3  
  159  10:34  Baneling x30  
  174  10:36  Zergling x4  
  176  10:46  Zergling x18  
  185  10:53  Hatchery  
  185  10:55  Baneling x3  
  185  10:56  Baneling x5  
  184  10:58  Zergling x22  
Tags
 
Add a new tag
Caveats
  • Supply blocks, unpowered buildings, or Contaminate may cause inaccurate times.
  • Supply counts are checked every 10 seconds.